 Dungeon Crawl Stone Soup version 0.27-a0-931-g5a74e75d8f (webtiles) character file.

Game seed: 8170799285532057556

20 Alarkh the Insei (level 2, -3/23 HPs)
             Began as a Demonspawn Gladiator on Apr 10, 2021.
             Slain by an adder (4 damage)
             ... on level 1 of the Dungeon.
             The game lasted 00:00:50 (980 turns).

Alarkh the Insei (Demonspawn Gladiator)              Turns: 980, Time: 00:00:51

Health: -3/23      AC:  4    Str: 14    XL:     2   Next: 58%
Magic:  2/2        EV: 12    Int:  9    God:
Gold:   83         SH:  0    Dex: 14    Spells: 1/1 levels left

rFire    . . .     SeeInvis .     - Unarmed
rCold    . . .     Faith    .   (no shield)
rNeg     . . .     Spirit   .   a - +0 leather armour
rPois    .         Reflect  .   b - +0 helmet
rElec    .         Harm     .   (no cloak)
rCorr    .         Rampage  .   (no gloves)
Will     .....                  (no boots)
Stlth    +.........             (no amulet)
HPRegen  0.07/turn              (no ring)
MPRegen  0.08/turn              (no ring)

@: lethally poisoned (-3 -> -6), hasted, very quick
A: powered by death 1
a: no special abilities


You were on level 1 of the Dungeon.
You visited 1 branch of the dungeon, and saw 2 of its levels.

You collected 83 gold pieces.

Inventory:

Missiles
 c - 2 throwing nets (quivered)
 f - 14 poisoned darts
Armour
 a - a +0 leather armour (worn)
 b - a +0 helmet (worn)
Scrolls
 g - a scroll of silence {unknown}
 h - a scroll of identify {unknown}
 i - a scroll of enchant weapon {unknown}
 j - a scroll of amnesia {unknown}


   Skills:
 + Level 2.4 Fighting
 - Level 1.7 Throwing
 - Level 2.6 Dodging
 * Level 3.3 Unarmed Combat


You had one spell level left.
You didn't know any spells.
Your spell library was empty.

Dungeon Overview and Level Annotations

Branches:
Dungeon (2/15)

Altars:

Annotations:
D:2 Sigmund


Innate Abilities, Weirdness & Mutations

You regenerate a little health from kills.


Message History

There is an open door here.
Things that are here:
a bat skeleton; a frilled lizard skeleton
There is a stone staircase leading down here.
You climb downwards.
There is a stone staircase leading up here.
Found 15 stones.
j - a scroll labelled JOEKLU NOISEI An adder and Sigmund come into view.
Sigmund is wielding a +0 scythe and carrying a wand of flame (26).
Sigmund shouts!
The adder hisses angrily.
You see here 15 stones.
It was a potion of haste.
You feel yourself speed up.
It was a potion of curing.
You feel better.
You miss the adder. The adder bites you.
You barely miss the adder.
Sigmund hits you from afar with a +0 scythe!
The adder bites you but does no damage.
You are too injured to fight recklessly!
You see here 15 stones.
There is a stone staircase leading up here.
The adder bites you.
* * * LOW HITPOINT WARNING * * *
You climb upwards.
There is a stone staircase leading down here.
You barely miss the adder. The adder bites you.
* * * LOW HITPOINT WARNING * * *
You are lethally poisoned!
The adder poisons you!
You hit the adder.
The adder is lightly wounded.
* * * LOW HITPOINT WARNING * * *
You feel sick.
Throw: 3 throwing nets
Press: ? - help, Q - select action, (/) - cycle Shift-Dir - straight line, f - adder
Aim: an adder (lightly wounded, 40% to hit)
You throw a throwing net.
The throwing net barely misses the adder.
The adder bites you.
You die...

#..........÷#÷#####...#####.#.
#...........#.#.............#.
#...........#.................
#...........#.#.##............
#...........#.#.##.......####.
#...........#.#.##.......# #.
#############.#.##.......# #.
###.#.##.......#####
#(S@...........#8###
###.#####........... #.#
#........... #.# #...........
###########.# #......#8###
#........##.# #......#####
#........##.# #........##.
####....)...##.# #........##.
#...........##.# ####'#'####.


You could see an adder.

Vanquished Creatures
  2 bats (D:1)
  An endoplasm (D:1)
  2 giant cockroaches (D:1)
  A goblin (D:1)
  4 kobolds (D:1)
  2 quokkas (D:1)
  3 ball pythons (D:1)
  2 frilled lizards (D:1)
17 creatures vanquished.

Notes
Turn   | Place    | Note
-------+----------+-------------------------------------------
     0 | D:1      | Alarkh the Demonspawn Gladiator began the quest for the
                  | Orb.
     0 | D:1      | Reached XP level 1. HP: 16/16 MP: 1/1
   155 | D:1      | Reached skill level 3 in Unarmed Combat
   333 | D:1      | Gained mutation: You regenerate a little health from kills.
                  | [demonic ancestry]
   333 | D:1      | Reached XP level 2. HP: 17/22 MP: 2/2
   961 | D:2      | Noticed Sigmund
   979 | D:1      | HP: 1/23 [poisoned by an adder]
   980 | D:1      | Slain by an adder

Illustrated notes

Levels and vault maps discovered:
D:1:      amcnicky_arrival_blooded_trapdoor, layout_basic,
          minmay_misc_feat_encased, corexii_hall_statues_i
D:2:      layout_rooms, basic_altar, uniq_sigmund, uniq_crazy_yiuf_cottage,
          uniq_robin

Skill      XL: |  1 |
---------------+----+-----
Unarmed Combat | 3 |  3.3
Fighting       | |  2.4
Throwing       | |  1.7
Dodging        | |  2.6

Action                   || total
-------------------------++-------
Melee: Unarmed           ||    66
Throw: Throwing net      ||     1
  Use: Potion            ||     2
Armor: Leather armour    ||    13
Dodge: Dodged            ||    53

Table legend: (Time is in decaauts)
 A = Elapsed time spent in this place.
 B = Non-inter-level travel time spent in this place.
 C = Inter-level travel time spent in this place.
 D = Time resting spent in this place.
 E = Time spent auto-exploring this place.
 F = Levels seen in this place.
 G = Mean time per level.
                   A        B        C        D        E       F      G
               +--------+--------+--------+--------+--------+-----+--------+
         Total |    971 |    956 |     15 |    136 |    694 |   2 |  485.5 |
       Dungeon |    971 |    956 |     15 |    136 |    694 |   2 |  485.5 |
               +--------+--------+--------+--------+--------+-----+--------+

Top non-repeatable levels by time:
     D:1: 950 daAuts
     D:2: 20 daAuts
